Maple Leafs vs Golden Knights
(R1)
Created - June 7, 2021 at 19:06
Goals
|
| Maple Leafs |
2 |
1 |
1 |
4 |
| Golden Knights |
1 |
1 |
3 |
5 |
|
Shots
|
| Maple Leafs |
15 |
5 |
13 |
33 |
| Golden Knights |
4 |
9 |
18 |
31 |
|
1st period
1. Maple Leafs , Claude Giroux 6 (Hampus Lindholm 7, Brayden Schenn 6) at 1:35 (PP)
2. Maple Leafs , Andre Burakovsky 2 (Brayden Schenn 7, Kevin Shattenkirk 17) at 17:08
3. Golden Knights , Matt Stajan 9 (Wayne Simmonds 9, Michael Kostka 3) at 18:43 (PP)
Penalties :
Chris Tierney (Vgs) for Roughing (Double Minor) at 0:27, Patrick Kane (Tor) for Roughing (Minor) at 17:23
2nd period
4. Maple Leafs , Hampus Lindholm 1 (Logan Couture 6, Ben Smith 5) at 2:40 (PP)
5. Golden Knights , Thomas Vanek 9 (Michael Frolik 25, Michael Kostka 4) at 12:35 (PP)
Penalties :
Mathew Dumba (Vgs) for Roughing (Minor) at 1:17, Braydon Coburn (Tor) for High sticking (Minor) at 3:16, Beau Bennett (Tor) for Roughing (Minor) at 11:14
3rd period
6. Golden Knights , Andrei Loktionov 4 (Zach Bogosian 15) at 0:44
7. Golden Knights , Wayne Simmonds 5 (Vladimir Mihalik 3, Wes O'Neill 6) at 2:24
8. Golden Knights , Wes O'Neill 1 (Ilya Kovalchuk 6, Matt Stajan 9) at 11:49 (PP)
9. Maple Leafs , Patrick Kane 13 (John Klingberg 10, Kevin Shattenkirk 18) at 15:39 (PP)
Penalties :
Zach Bogosian (Vgs) for Hooking (Minor) at 3:50, Dany Heatley (Tor) for Hooking (Minor) at 6:00, Andre Burakovsky (Tor) for Hooking (Minor) at 11:07, Matt Stajan (Vgs) for High sticking (Minor) at 14:06, Michael Frolik (Vgs) for Holding Stick (Minor) at 14:29, Andrei Loktionov (Vgs) for High sticking (Minor) at 19:04
Goalie Stats
John Gibson (Tor), 26 saves from 31 shots - (0.839), L, 12-5-0, 59:01 minutes
Matt Hackett (Vgs), 29 saves from 33 shots - (0.879), W, 7-0-1, 60:00 minutes
Players Stats for Maple Leafs
Player Name G A P +/- PIM S H SB GA TA FO MP PP MP PK MP
------------------------------------------------------------------------------------
Andre Burakovsky 1 0 1 0 2 1 0 0 0 0 0/1 9:55 0:00 0:21
Beau Bennett 0 0 0 0 2 1 0 0 0 1 0/0 9:34 0:00 0:00
Ben Smith 0 1 1 0 0 5 6 0 2 0 1/2 14:58 4:37 0:00
Blake Comeau 0 0 0 0 0 0 0 0 0 1 0/0 6:32 0:00 0:00
Bo Horvat 0 0 0 -1 0 1 2 1 0 1 10/25 16:19 0:00 0:00
Brayden Schenn 0 2 2 0 0 4 5 1 0 0 6/20 17:51 5:06 3:04
Braydon Coburn 0 0 0 0 2 2 1 1 0 0 0/0 19:58 3:50 1:52
Calvin de Haan 0 0 0 -1 0 0 1 0 0 0 0/0 10:38 0:00 0:41
Claude Giroux 1 0 1 -1 0 4 0 0 1 0 1/1 25:47 5:09 4:16
Dany Heatley 0 0 0 0 2 0 0 1 0 0 0/0 7:46 0:00 1:10
Hampus Lindholm 1 1 2 0 0 2 1 1 1 0 0/0 20:57 3:50 2:47
Jake Guentzel 0 0 0 0 0 4 1 0 0 0 0/1 14:58 4:37 0:00
John Klingberg 0 1 1 0 0 0 1 1 0 0 0/0 29:06 5:56 4:34
Kevin Shattenkirk 0 2 2 0 0 2 4 2 2 1 0/0 29:26 5:56 4:48
Logan Couture 0 1 1 0 0 3 2 0 0 0 10/18 19:08 4:37 4:10
Mika Zibanejad 0 0 0 0 0 0 2 0 0 0 0/0 6:42 0:03 0:07
Patrick Kane 1 0 1 -1 2 4 1 0 0 1 3/4 23:02 5:09 1:34
Ryan Parent 0 0 0 -1 0 0 0 0 0 0 0/0 9:57 0:00 0:00
Players Stats for Golden Knights
Player Name G A P +/- PIM S H SB GA TA FO MP PP MP PK MP
------------------------------------------------------------------------------------
Andrei Loktionov 1 0 1 1 2 5 0 1 1 0 9/19 15:44 4:07 0:09
Chris Tierney 0 0 0 0 4 1 1 0 1 0 2/4 12:20 0:00 2:10
Ilya Kovalchuk 0 1 1 0 0 2 0 0 0 0 0/0 14:11 3:14 0:52
Jared Cowen 0 0 0 0 0 0 0 0 0 0 0/0 26:27 5:06 6:10
Mathew Dumba 0 0 0 0 2 1 0 3 1 1 0/0 19:07 0:34 3:12
Matt Stajan 1 1 2 0 2 5 0 2 0 1 16/24 17:27 3:14 2:39
Michael Frolik 0 1 1 0 2 2 3 0 1 0 4/9 20:24 4:07 4:26
Michael Kostka 0 2 2 0 0 0 0 1 0 2 0/0 20:48 2:15 4:25
Nathan Horton 0 0 0 1 0 0 0 0 0 0 1/3 11:42 0:00 0:00
Patrice Cormier 0 0 0 0 0 1 0 1 0 0 6/9 9:19 0:00 0:00
Sergei Plotnikov 0 0 0 1 0 0 1 0 0 0 0/0 16:51 0:00 5:02
Shawn Matthias 0 0 0 0 0 9 2 1 0 0 0/0 9:19 0:00 0:00
Thomas Vanek 1 0 1 0 0 1 3 0 0 0 0/0 15:43 4:07 0:00
Vladimir Mihalik 0 1 1 1 0 0 0 1 0 0 0/0 14:28 0:00 0:45
Vladimir Zharkov 0 0 0 0 0 1 1 0 0 1 3/4 12:41 0:00 3:03
Wayne Simmonds 1 1 2 0 0 1 0 1 0 0 0/0 13:15 3:14 0:00
Wes O'Neill 1 1 2 1 0 1 1 1 1 0 0/0 20:54 2:44 4:11
Zach Bogosian 0 1 1 0 2 1 0 3 0 1 0/0 18:18 4:03 0:49
3 Stars
1 - Wes O'Neill (Vgs)
2 - Wayne Simmonds (Vgs)
3 - Hampus Lindholm (Tor)
Power Play
Maple Leafs - 3 on 7 Attempt(s) - 42.86%
Golden Knights - 3 on 5 Attempt(s) - 60.00%
Penalty Kill
Maple Leafs - 2 on 5 Attempt(s) - 40.00%
- Score 0 goal in Penalty Kill
Golden Knights - 4 on 7 Attempt(s) - 57.14%
- Score 0 goal in Penalty Kill
Team Stat
Maple Leafs - Hits : 27 - Faceoff Wins : 31 - Blocked Shots : 8 - Penalty Minutes : 10
Golden Knights - Hits : 12 - Faceoff Wins : 41 - Blocked Shots : 15 - Penalty Minutes : 14
Official
Referees : Unknown
Linesman : Unknown
Game Notes
No Game Note
Finance
Level 1 -- Attendance: 6000 (100.00%) -- Ticket Income $558,000
Level 2 -- Attendance: 5000 (100.00%) -- Ticket Income $295,000
Level 3 -- Attendance: 2000 (100.00%) -- Ticket Income $78,000
Level 4 -- Attendance: 4000 (100.00%) -- Ticket Income $108,000
Luxury Box -- Attendance: 1000 (100.00%) -- Ticket Income $160,000
Game was played at the Duff Garden.
Total Attendance: 18000 (100.00%)
Total Ticket Income: $1,199,000
Other Income: $179,850
Total Income: $1,378,850
Maple Leafs
5 vs 5 Forward
Center Left Wing Right Wing Time % Phy DF OF
1 Bo Horvat Claude Giroux Patrick Kane 40 1 2 2
2 Logan Couture Jake Guentzel Ben Smith 30 1 2 2
3 Brayden Schenn Andre Burakovsky Beau Bennett 20 1 2 2
4 Mika Zibanejad Dany Heatley Blake Comeau 10 1 2 2
5 vs 5 Defense
Defense Defense Time % Phy DF OF
1 Kevin Shattenkirk John Klingberg 40 1 2 2
2 Braydon Coburn Hampus Lindholm 30 1 2 2
3 Ryan Parent Calvin de Haan 20 1 2 2
4 Kevin Shattenkirk John Klingberg 10 1 2 2
PowerPlay Forward
Center Left Wing Right Wing Time % Phy DF OF
1 Brayden Schenn Claude Giroux Patrick Kane 60 1 2 2
2 Logan Couture Jake Guentzel Ben Smith 40 1 2 2
PowerPlay Defense
Defense Defense Time % Phy DF OF
1 Kevin Shattenkirk John Klingberg 60 1 2 2
2 Braydon Coburn Hampus Lindholm 40 1 2 2
Penalty Kill 4 Players Forward
Center Wing Time % Phy DF OF
1 Logan Couture Claude Giroux 60 1 2 2
2 Brayden Schenn Patrick Kane 40 1 2 2
Penalty Kill 4 Players Defense
Defense Defense Time % Phy DF OF
1 Kevin Shattenkirk John Klingberg 60 1 2 2
2 Braydon Coburn Hampus Lindholm 40 1 2 2
Penalty Kill - 3 Players Forward
Forward Time % Phy DF OF
1 Brayden Schenn 60 1 2 2
2 Logan Couture 40 1 2 2
Penalty Kill - 3 Players Defense
Defense Defense Time % Phy DF OF
1 Kevin Shattenkirk John Klingberg 60 1 2 2
2 Braydon Coburn Hampus Lindholm 40 1 2 2
4 vs 4 Forward
Center Wing Time % Phy DF OF
1 Logan Couture Patrick Kane 60 1 2 2
2 Brayden Schenn Claude Giroux 40 1 2 2
4 vs 4 Defense
Defense Defense Time % Phy DF OF
1 Kevin Shattenkirk John Klingberg 60 1 2 2
2 Braydon Coburn Hampus Lindholm 40 1 2 2
Last Minutes Offensive
Center Left Wing Right Wing Defense Defense
Brayden Schenn Claude Giroux Patrick Kane Kevin Shattenkirk John Klingberg
Last Minutes Defensive
Center Left Wing Right Wing Defense Defense
Brayden Schenn Claude Giroux Patrick Kane Kevin Shattenkirk Braydon Coburn
Goaltenders
Starting : John Gibson
Backup : Tyler Weiman
Extra Forwards
Normal : Mika Zibanejad, Dany Heatley, Brayden Schenn - PP : Mika Zibanejad, Dany Heatley - PK : Logan Couture
Extra Defensemen
Normal : Ryan Parent, Calvin de Haan, Braydon Coburn - PP : Ryan Parent - PK : Calvin de Haan, Braydon Coburn
Penalty Shots
Claude Giroux, Patrick Kane, Brayden Schenn, Ben Smith, Logan Couture
Scratches
Chris Kelly (Healthy)
Golden Knights
5 vs 5 Forward
Center Left Wing Right Wing Time % Phy DF OF
1 Matt Stajan Thomas Vanek Michael Frolik 30 1 2 2
2 Chris Tierney Ilya Kovalchuk Wayne Simmonds 25 1 2 2
3 Andrei Loktionov Sergei Plotnikov Nathan Horton 25 1 2 2
4 Patrice Cormier Shawn Matthias Vladimir Zharkov 20 1 2 2
5 vs 5 Defense
Defense Defense Time % Phy DF OF
1 Mathew Dumba Jared Cowen 35 1 2 2
2 Zach Bogosian Michael Kostka 33 1 2 2
3 Vladimir Mihalik Wes O'Neill 32 1 2 2
4 Zach Bogosian Jared Cowen 0 1 2 2
PowerPlay Forward
Center Left Wing Right Wing Time % Phy DF OF
1 Andrei Loktionov Thomas Vanek Michael Frolik 60 1 2 2
2 Matt Stajan Ilya Kovalchuk Wayne Simmonds 40 1 2 2
PowerPlay Defense
Defense Defense Time % Phy DF OF
1 Zach Bogosian Jared Cowen 60 1 2 2
2 Michael Kostka Wes O'Neill 40 1 2 2
Penalty Kill 4 Players Forward
Center Wing Time % Phy DF OF
1 Michael Frolik Sergei Plotnikov 60 1 2 2
2 Chris Tierney Matt Stajan 40 1 2 2
Penalty Kill 4 Players Defense
Defense Defense Time % Phy DF OF
1 Wes O'Neill Mathew Dumba 50 1 2 2
2 Michael Kostka Jared Cowen 50 1 2 2
Penalty Kill - 3 Players Forward
Forward Time % Phy DF OF
1 Michael Frolik 60 1 2 2
2 Ilya Kovalchuk 40 1 2 2
Penalty Kill - 3 Players Defense
Defense Defense Time % Phy DF OF
1 Zach Bogosian Jared Cowen 60 1 2 2
2 Mathew Dumba Vladimir Mihalik 40 1 2 2
4 vs 4 Forward
Center Wing Time % Phy DF OF
1 Michael Frolik Ilya Kovalchuk 60 1 2 2
2 Nathan Horton Matt Stajan 40 1 2 2
4 vs 4 Defense
Defense Defense Time % Phy DF OF
1 Zach Bogosian Jared Cowen 50 1 2 2
2 Michael Kostka Vladimir Mihalik 50 1 2 2
Last Minutes Offensive
Center Left Wing Right Wing Defense Defense
Andrei Loktionov Ilya Kovalchuk Michael Frolik Zach Bogosian Jared Cowen
Last Minutes Defensive
Center Left Wing Right Wing Defense Defense
Matt Stajan Sergei Plotnikov Nathan Horton Zach Bogosian Jared Cowen
Goaltenders
Starting : Matt Hackett
Backup : Ondrej Pavelec
Extra Forwards
Normal : Nathan Horton, Thomas Vanek, Vladimir Zharkov - PP : Thomas Vanek, Patrice Cormier - PK : Vladimir Zharkov
Extra Defensemen
Normal : Wes O'Neill, Mathew Dumba, Michael Kostka - PP : Wes O'Neill - PK : Mathew Dumba, Michael Kostka
Penalty Shots
Michael Frolik, Ilya Kovalchuk, Andrei Loktionov, Matt Stajan, Thomas Vanek
Scratches
None
% Time on Ice - Maple Leafs
Lines # - Real PCT - Wanted PCT - Time Play
Normal Forward
1 - 38% - 40% - 16:25
2 - 24% - 30% - 10:21
3 - 22% - 20% - 9:35
4 - 15% - 10% - 6:32
Normal Defense
1 - 42% - 40% - 17:53
2 - 33% - 30% - 14:20
3 - 23% - 20% - 9:57
4 - 2% - 10% - 0:43
PP Forward
1 - 53% - 60% - 5:09
2 - 47% - 40% - 4:37
PP Defense
1 - 61% - 60% - 5:56
2 - 39% - 40% - 3:50
PK Forward
1 - 73% - 60% - 5:20
2 - 27% - 40% - 2:01
PK Defense
1 - 62% - 60% - 4:34
2 - 38% - 40% - 2:47
PK3 Forward
1 - 0% - 60%
2 - 0% - 40%
PK3 Defense
1 - 0% - 60%
2 - 0% - 40%
44 Forward
1 - 0% - 60%
2 - 0% - 40%
44 Defense
1 - 0% - 60%
2 - 0% - 40%
Last Minute Offensive - 0:00
Last Minute Defensive - 0:00
Total
Forward - 60:00
Defense - 60:00
|
% Time on Ice - Golden Knights
Lines # - Real PCT - Wanted PCT - Time Play
Normal Forward
1 - 28% - 30% - 11:51
2 - 23% - 25% - 10:01
3 - 27% - 25% - 11:42
4 - 22% - 20% - 9:19
Normal Defense
1 - 35% - 35% - 15:02
2 - 33% - 33% - 14:08
3 - 32% - 32% - 13:43
4 - 0% - 0% - 0:00
PP Forward
1 - 56% - 60% - 4:07
2 - 44% - 40% - 3:14
PP Defense
1 - 69% - 60% - 5:06
2 - 31% - 40% - 2:15
PK Forward
1 - 69% - 60% - 5:57
2 - 31% - 40% - 2:39
PK Defense
1 - 49% - 50% - 4:11
2 - 51% - 50% - 4:25
PK3 Forward
1 - 100% - 60% - 1:10
2 - 0% - 40% - 0:00
PK3 Defense
1 - 70% - 60% - 0:49
2 - 30% - 40% - 0:21
44 Forward
1 - 0% - 60%
2 - 0% - 40%
44 Defense
1 - 0% - 50%
2 - 0% - 50%
Last Minute Offensive - 0:00
Last Minute Defensive - 0:00
Total
Forward - 60:00
Defense - 60:00
|
Play-by-Play
1st period
0:01 of 1st period - Matt Stajan wins face-off versus Bo Horvat in neutral zone.
0:14 of 1st period - Slapshot by Matt Stajan.
0:14 of 1st period - Stopped by John Gibson with a rebound.
0:16 of 1st period - Snap shot by Jared Cowen.
0:16 of 1st period - Shot Misses the Net.
0:27 of 1st period - Double Minor Penalty to Chris Tierney for Roughing.
0:28 of 1st period - Michael Frolik wins face-off versus Brayden Schenn in Golden Knights zone.
0:40 of 1st period - Off-side.
0:41 of 1st period - Logan Couture wins face-off versus Michael Frolik in neutral zone.
1:35 of 1st period - Wrist shot by Claude Giroux.
1:35 of 1st period - Goal by Claude Giroux - Maple Leafs : 1 - Golden Knights : 0.
1:36 of 1st period - Vladimir Zharkov wins face-off versus Logan Couture in neutral zone.
2:33 of 1st period - Michael Kostka is hit by Brayden Schenn and loses puck.
3:07 of 1st period - Icing by Kevin Shattenkirk.
3:08 of 1st period - Michael Frolik wins face-off versus Brayden Schenn in Maple Leafs zone.
3:35 of 1st period - Penalty to Chris Tierney is over, Chris Tierney is back on ice.
3:55 of 1st period - Wrist shot by Chris Tierney.
3:55 of 1st period - Stopped by John Gibson without a rebound.
3:56 of 1st period - Patrice Cormier wins face-off versus Bo Horvat in Maple Leafs zone.
4:23 of 1st period - Sergei Plotnikov is hit by Calvin de Haan and loses puck.
4:58 of 1st period - Ryan Parent is hit by Michael Frolik and loses puck.
5:31 of 1st period - Slapshot by Logan Couture.
5:31 of 1st period - Shot Blocked by Matt Stajan.
5:55 of 1st period - Snap shot by Ben Smith.
5:55 of 1st period - Shot Misses the Net.
5:57 of 1st period - Snap shot by Ryan Parent.
5:57 of 1st period - Shot Misses the Net.
5:59 of 1st period - Wrist shot by Jake Guentzel.
5:59 of 1st period - Stopped by Matt Hackett with a rebound.
6:17 of 1st period - Wrist shot by Jake Guentzel.
6:17 of 1st period - Stopped by Matt Hackett with a rebound.
6:19 of 1st period - Slapshot by Logan Couture.
6:19 of 1st period - Shot Blocked by Wes O'Neill.
6:21 of 1st period - Slapshot by Ryan Parent.
6:21 of 1st period - Shot Misses the Net.
6:23 of 1st period - Snap shot by Ben Smith.
6:23 of 1st period - Stopped by Matt Hackett with a rebound.
6:25 of 1st period - Slapshot by Ben Smith.
6:25 of 1st period - Stopped by Matt Hackett with a rebound.
6:39 of 1st period - Wrist shot by Jake Guentzel.
6:39 of 1st period - Stopped by Matt Hackett with a rebound.
6:41 of 1st period - Snap shot by Logan Couture.
6:41 of 1st period - Stopped by Matt Hackett without a rebound.
6:42 of 1st period - Andrei Loktionov wins face-off versus Bo Horvat in Golden Knights zone.
7:09 of 1st period - Patrick Kane is hit by Shawn Matthias and loses puck.
8:07 of 1st period - Michael Kostka is hit by Mika Zibanejad and loses puck.
8:14 of 1st period - Snap shot by Vladimir Zharkov.
8:14 of 1st period - Shot Misses the Net.
8:38 of 1st period - Snap shot by Wayne Simmonds.
8:38 of 1st period - Shot Blocked by Kevin Shattenkirk.
9:38 of 1st period - Icing by Jared Cowen.
9:39 of 1st period - Patrice Cormier wins face-off versus Brayden Schenn in Golden Knights zone.
9:39 of 1st period - Patrice Cormier is hit by Brayden Schenn.
9:45 of 1st period - Brayden Schenn is hit by Shawn Matthias and loses puck.
10:00 of 1st period - Wes O'Neill is hit by Mika Zibanejad.
10:30 of 1st period - Slapshot by Mika Zibanejad.
10:30 of 1st period - Shot Misses the Net.
10:34 of 1st period - Snap shot by Hampus Lindholm.
10:34 of 1st period - Stopped by Matt Hackett without a rebound.
10:35 of 1st period - Chris Tierney wins face-off versus Patrick Kane in Golden Knights zone.
10:46 of 1st period - Snap shot by Bo Horvat.
10:46 of 1st period - Shot Blocked by Wayne Simmonds.
10:54 of 1st period - Patrick Kane is hit by Chris Tierney and loses puck.
11:08 of 1st period - Icing by Logan Couture.
11:09 of 1st period - Ben Smith wins face-off versus Nathan Horton in Maple Leafs zone.
11:09 of 1st period - Ben Smith is hit by Sergei Plotnikov.
11:19 of 1st period - Slapshot by Jake Guentzel.
11:19 of 1st period - Shot Misses the Net.
11:21 of 1st period - Wrist shot by Ben Smith.
11:21 of 1st period - Stopped by Matt Hackett without a rebound.
11:22 of 1st period - Patrick Kane wins face-off versus Chris Tierney in Golden Knights zone.
11:37 of 1st period - Wrist shot by Chris Tierney.
11:37 of 1st period - Shot Misses the Net.
11:39 of 1st period - Slapshot by Jared Cowen.
11:39 of 1st period - Deflect By Ilya Kovalchuk.
11:39 of 1st period - Shot Misses the Net.
11:39 of 1st period - Puck is out of play.
11:40 of 1st period - Brayden Schenn wins face-off versus Matt Stajan in Maple Leafs zone.
12:05 of 1st period - Vladimir Zharkov is hit by Bo Horvat and loses puck.
12:12 of 1st period - Wrist shot by Claude Giroux.
12:12 of 1st period - Shot Blocked by Mathew Dumba.
12:14 of 1st period - Snap shot by Bo Horvat.
12:14 of 1st period - Stopped by Matt Hackett with a rebound.
12:16 of 1st period - Slapshot by Braydon Coburn.
12:16 of 1st period - Stopped by Matt Hackett without a rebound.
12:17 of 1st period - Logan Couture wins face-off versus Andrei Loktionov in Golden Knights zone.
12:33 of 1st period - Zach Bogosian is hit by Ben Smith and loses puck.
13:01 of 1st period - Backhand shot by Logan Couture.
13:01 of 1st period - Shot Misses the Net.
13:07 of 1st period - Slapshot by Jake Guentzel.
13:07 of 1st period - Stopped by Matt Hackett with a rebound.
13:09 of 1st period - Snap shot by Logan Couture.
13:09 of 1st period - Stopped by Matt Hackett without a rebound.
13:10 of 1st period - Matt Stajan wins face-off versus Bo Horvat in Golden Knights zone.
14:08 of 1st period - Snap shot by Nathan Horton.
14:08 of 1st period - Shot Misses the Net.
14:37 of 1st period - Wayne Simmonds is hit by Ben Smith and loses puck.
14:44 of 1st period - Backhand shot by Logan Couture.
14:44 of 1st period - Shot Misses the Net.
15:27 of 1st period - Wrist shot by Andrei Loktionov.
15:27 of 1st period - Stopped by John Gibson with a rebound.
16:30 of 1st period - Slapshot by Patrick Kane.
16:30 of 1st period - Deflect By Michael Kostka.
16:30 of 1st period - Shot Misses the Net.
16:30 of 1st period - Puck is out of play.
16:31 of 1st period - Bo Horvat wins face-off versus Chris Tierney in Golden Knights zone.
17:08 of 1st period - Wrist shot by Andre Burakovsky.
17:08 of 1st period - Goal by Andre Burakovsky - Maple Leafs : 2 - Golden Knights : 0.
17:09 of 1st period - Matt Stajan wins face-off versus Bo Horvat in neutral zone.
17:23 of 1st period - Minor Penalty to Patrick Kane for Roughing.
17:24 of 1st period - Logan Couture wins face-off versus Andrei Loktionov in Maple Leafs zone.
18:16 of 1st period - Wrist shot by Brayden Schenn.
18:16 of 1st period - Stopped by Matt Hackett without a rebound.
18:17 of 1st period - Andrei Loktionov wins face-off versus Brayden Schenn in Golden Knights zone.
18:22 of 1st period - Brayden Schenn is hit by Wes O'Neill and loses puck.
18:43 of 1st period - Snap shot by Matt Stajan.
18:43 of 1st period - Goal by Matt Stajan - Maple Leafs : 2 - Golden Knights : 1.
18:44 of 1st period - Matt Stajan wins face-off versus Bo Horvat in neutral zone.
18:49 of 1st period - Snap shot by Thomas Vanek.
18:49 of 1st period - Deflect By Michael Frolik.
18:49 of 1st period - Shot Misses the Net.
18:49 of 1st period - Puck is out of play.
18:50 of 1st period - Bo Horvat wins face-off versus Matt Stajan in Maple Leafs zone.
18:50 of 1st period - Bo Horvat is hit by Michael Frolik.
19:21 of 1st period - Off-side.
19:22 of 1st period - Andrei Loktionov wins face-off versus Logan Couture in neutral zone.
19:22 of 1st period - Andrei Loktionov is hit by Ben Smith.
19:25 of 1st period - Off-side.
19:26 of 1st period - Logan Couture wins face-off versus Andrei Loktionov in neutral zone.
19:52 of 1st period - Off-side.
19:53 of 1st period - Bo Horvat wins face-off versus Patrice Cormier in neutral zone.
Goals for this period are 2 for Maple Leafs vs 1 for Golden Knights.
Shots for this period are 15 for Maple Leafs vs 4 for Golden Knights.
2nd period
0:01 of 2nd period - Matt Stajan wins face-off versus Bo Horvat in neutral zone.
0:12 of 2nd period - Snap shot by Michael Frolik.
0:12 of 2nd period - Shot Misses the Net.
0:14 of 2nd period - Snap shot by Michael Frolik.
0:14 of 2nd period - Shot Blocked by Kevin Shattenkirk.
0:16 of 2nd period - Wrist shot by Matt Stajan.
0:16 of 2nd period - Stopped by John Gibson with a rebound.
0:26 of 2nd period - Vladimir Mihalik is hit by Ben Smith and loses puck.
1:17 of 2nd period - Minor Penalty to Mathew Dumba for Roughing.
1:18 of 2nd period - Brayden Schenn wins face-off versus Michael Frolik in Golden Knights zone.
1:21 of 2nd period - Slapshot by Patrick Kane.
1:21 of 2nd period - Stopped by Matt Hackett with a rebound.
2:40 of 2nd period - Slapshot by Hampus Lindholm.
2:40 of 2nd period - Goal by Hampus Lindholm - Maple Leafs : 3 - Golden Knights : 1.
2:41 of 2nd period - Bo Horvat wins face-off versus Andrei Loktionov in neutral zone.
2:50 of 2nd period - Slapshot by Patrick Kane.
2:50 of 2nd period - Stopped by Matt Hackett without a rebound.
2:51 of 2nd period - Andrei Loktionov wins face-off versus Bo Horvat in Golden Knights zone.
2:51 of 2nd period - Andrei Loktionov is hit by Bo Horvat.
3:13 of 2nd period - Snap shot by Andrei Loktionov.
3:13 of 2nd period - Stopped by John Gibson without a rebound.
3:14 of 2nd period - Logan Couture wins face-off versus Matt Stajan in Maple Leafs zone.
3:16 of 2nd period - Minor Penalty to Braydon Coburn for High sticking.
3:17 of 2nd period - Claude Giroux wins face-off versus Andrei Loktionov in Maple Leafs zone.
4:50 of 2nd period - Andrei Loktionov is hit by Brayden Schenn and loses puck.
5:11 of 2nd period - Jared Cowen is hit by Kevin Shattenkirk and loses puck.
5:16 of 2nd period - Penalty to Braydon Coburn is over, Braydon Coburn is back on ice.
6:23 of 2nd period - Chris Tierney is hit by Patrick Kane and loses puck.
6:40 of 2nd period - Mathew Dumba is hit by Hampus Lindholm and loses puck.
7:03 of 2nd period - Slapshot by Zach Bogosian.
7:03 of 2nd period - Stopped by John Gibson without a rebound.
7:04 of 2nd period - Patrice Cormier wins face-off versus Brayden Schenn in Maple Leafs zone.
7:05 of 2nd period - Wrist shot by Shawn Matthias.
7:05 of 2nd period - Stopped by John Gibson without a rebound.
7:06 of 2nd period - Patrice Cormier wins face-off versus Brayden Schenn in Maple Leafs zone.
7:21 of 2nd period - Wrist shot by Shawn Matthias.
7:21 of 2nd period - Stopped by John Gibson without a rebound.
7:22 of 2nd period - Bo Horvat wins face-off versus Matt Stajan in Maple Leafs zone.
8:37 of 2nd period - Snap shot by Braydon Coburn.
8:37 of 2nd period - Shot Blocked by Zach Bogosian.
8:57 of 2nd period - Wrist shot by Mika Zibanejad.
8:57 of 2nd period - Shot Blocked by Zach Bogosian.
8:59 of 2nd period - Slapshot by Mika Zibanejad.
8:59 of 2nd period - Shot Misses the Net.
9:25 of 2nd period - Wrist shot by Jake Guentzel.
9:25 of 2nd period - Shot Blocked by Matt Stajan.
11:04 of 2nd period - Ilya Kovalchuk is hit by John Klingberg and loses puck.
11:14 of 2nd period - Minor Penalty to Beau Bennett for Roughing.
11:15 of 2nd period - Logan Couture wins face-off versus Andrei Loktionov in Maple Leafs zone.
12:04 of 2nd period - Icing by Jared Cowen.
12:05 of 2nd period - Matt Stajan wins face-off versus Brayden Schenn in Golden Knights zone.
12:17 of 2nd period - Off-side.
12:18 of 2nd period - Logan Couture wins face-off versus Andrei Loktionov in neutral zone.
12:35 of 2nd period - Snap shot by Thomas Vanek.
12:35 of 2nd period - Goal by Thomas Vanek - Maple Leafs : 3 - Golden Knights : 2.
12:36 of 2nd period - Matt Stajan wins face-off versus Bo Horvat in neutral zone.
12:46 of 2nd period - Kevin Shattenkirk is hit by Michael Frolik and loses puck.
12:54 of 2nd period - Off-side.
12:55 of 2nd period - Nathan Horton wins face-off versus Logan Couture in neutral zone.
12:59 of 2nd period - Vladimir Mihalik is hit by Kevin Shattenkirk and loses puck.
13:49 of 2nd period - Off-side.
13:50 of 2nd period - Chris Tierney wins face-off versus Andre Burakovsky in neutral zone.
13:59 of 2nd period - Wrist shot by Ilya Kovalchuk.
13:59 of 2nd period - Shot Blocked by Brayden Schenn.
14:01 of 2nd period - Slapshot by Jared Cowen.
14:01 of 2nd period - Shot Blocked by Braydon Coburn.
14:03 of 2nd period - Snap shot by Ilya Kovalchuk.
14:03 of 2nd period - Stopped by John Gibson with a rebound.
14:05 of 2nd period - Snap shot by Chris Tierney.
14:05 of 2nd period - Shot Blocked by Hampus Lindholm.
14:23 of 2nd period - Snap shot by Ilya Kovalchuk.
14:23 of 2nd period - Stopped by John Gibson without a rebound.
14:24 of 2nd period - Matt Stajan wins face-off versus Bo Horvat in Maple Leafs zone.
15:01 of 2nd period - Slapshot by Andrei Loktionov.
15:01 of 2nd period - Stopped by John Gibson with a rebound.
15:19 of 2nd period - Snap shot by Hampus Lindholm.
15:19 of 2nd period - Shot Misses the Net.
16:21 of 2nd period - Slapshot by Ben Smith.
16:21 of 2nd period - Shot Blocked by Andrei Loktionov.
17:06 of 2nd period - Wayne Simmonds is hit by Kevin Shattenkirk and loses puck.
17:25 of 2nd period - Wrist shot by Michael Frolik.
17:25 of 2nd period - Shot Misses the Net.
18:03 of 2nd period - Calvin de Haan is hit by Vladimir Zharkov and loses puck.
18:42 of 2nd period - Wrist shot by Patrick Kane.
18:42 of 2nd period - Stopped by Matt Hackett with a rebound.
19:34 of 2nd period - Slapshot by Claude Giroux.
19:34 of 2nd period - Stopped by Matt Hackett with a rebound.
Goals for this period are 1 for Maple Leafs vs 1 for Golden Knights.
Shots for this period are 5 for Maple Leafs vs 9 for Golden Knights.
3rd period
0:01 of 3rd period - Logan Couture wins face-off versus Michael Frolik in neutral zone.
0:14 of 3rd period - Slapshot by Kevin Shattenkirk.
0:14 of 3rd period - Stopped by Matt Hackett with a rebound.
0:30 of 3rd period - Off-side.
0:31 of 3rd period - Andrei Loktionov wins face-off versus Bo Horvat in neutral zone.
0:44 of 3rd period - Snap shot by Andrei Loktionov.
0:44 of 3rd period - Goal by Andrei Loktionov - Maple Leafs : 3 - Golden Knights : 3.
0:45 of 3rd period - Matt Stajan wins face-off versus Ben Smith in neutral zone.
0:45 of 3rd period - Matt Stajan is hit by Logan Couture.
1:47 of 3rd period - Wes O'Neill is hit by Braydon Coburn and loses puck.
2:08 of 3rd period - Snap shot by Ben Smith.
2:08 of 3rd period - Shot Blocked by Vladimir Mihalik.
2:10 of 3rd period - Snap shot by Ben Smith.
2:10 of 3rd period - Stopped by Matt Hackett with a rebound.
2:24 of 3rd period - Snap shot by Wayne Simmonds.
2:24 of 3rd period - Goal by Wayne Simmonds - Maple Leafs : 3 - Golden Knights : 4.
2:25 of 3rd period - Bo Horvat wins face-off versus Matt Stajan in neutral zone.
2:51 of 3rd period - Nathan Horton is hit by Ben Smith and loses puck.
3:20 of 3rd period - Wrist shot by Shawn Matthias.
3:20 of 3rd period - Stopped by John Gibson with a rebound.
3:50 of 3rd period - Minor Penalty to Zach Bogosian for Hooking.
3:51 of 3rd period - Michael Frolik wins face-off versus Brayden Schenn in Golden Knights zone.
5:50 of 3rd period - Penalty to Zach Bogosian is over, Zach Bogosian is back on ice.
6:00 of 3rd period - Minor Penalty to Dany Heatley for Hooking.
6:01 of 3rd period - Matt Stajan wins face-off versus Logan Couture in Maple Leafs zone.
6:24 of 3rd period - Hampus Lindholm is hit by Thomas Vanek and loses puck.
7:19 of 3rd period - Jared Cowen is hit by Kevin Shattenkirk and loses puck.
7:25 of 3rd period - Icing by Zach Bogosian.
7:26 of 3rd period - Matt Stajan wins face-off versus Logan Couture in Golden Knights zone.
7:39 of 3rd period - Wrist shot by Hampus Lindholm.
7:39 of 3rd period - Shot Misses the Net.
8:00 of 3rd period - Penalty to Dany Heatley is over, Dany Heatley is back on ice.
8:31 of 3rd period - Snap shot by Shawn Matthias.
8:31 of 3rd period - Stopped by John Gibson with a rebound.
8:33 of 3rd period - Wrist shot by Shawn Matthias.
8:33 of 3rd period - Shot Misses the Net.
8:35 of 3rd period - Wrist shot by Vladimir Zharkov.
8:35 of 3rd period - Shot Blocked by Dany Heatley.
9:25 of 3rd period - Backhand shot by Shawn Matthias.
9:25 of 3rd period - Stopped by John Gibson without a rebound.
9:26 of 3rd period - Matt Stajan wins face-off versus Bo Horvat in Maple Leafs zone.
9:35 of 3rd period - Wrist shot by Michael Frolik.
9:35 of 3rd period - Stopped by John Gibson without a rebound.
9:36 of 3rd period - Bo Horvat wins face-off versus Matt Stajan in Maple Leafs zone.
9:51 of 3rd period - Snap shot by Matt Stajan.
9:51 of 3rd period - Stopped by John Gibson without a rebound.
9:52 of 3rd period - Andrei Loktionov wins face-off versus Logan Couture in Maple Leafs zone.
10:05 of 3rd period - Wrist shot by Ben Smith.
10:05 of 3rd period - Shot Misses the Net.
10:07 of 3rd period - Snap shot by Braydon Coburn.
10:07 of 3rd period - Shot Blocked by Mathew Dumba.
10:09 of 3rd period - Slapshot by Braydon Coburn.
10:09 of 3rd period - Shot Misses the Net.
10:19 of 3rd period - Braydon Coburn is hit by Thomas Vanek and loses puck.
10:31 of 3rd period - Snap shot by Jared Cowen.
10:31 of 3rd period - Shot Misses the Net.
10:40 of 3rd period - Icing by Michael Frolik.
10:41 of 3rd period - Matt Stajan wins face-off versus Brayden Schenn in Golden Knights zone.
10:46 of 3rd period - Slapshot by Andrei Loktionov.
10:46 of 3rd period - Stopped by John Gibson without a rebound.
10:47 of 3rd period - Brayden Schenn wins face-off versus Andrei Loktionov in Maple Leafs zone.
11:07 of 3rd period - Minor Penalty to Andre Burakovsky for Hooking.
11:08 of 3rd period - Andrei Loktionov wins face-off versus Logan Couture in Maple Leafs zone.
11:28 of 3rd period - Logan Couture is hit by Thomas Vanek and loses puck.
11:45 of 3rd period - Snap shot by Zach Bogosian.
11:45 of 3rd period - Deflect By Wayne Simmonds.
11:45 of 3rd period - Shot Misses the Net.
11:45 of 3rd period - Puck is out of play.
11:46 of 3rd period - Matt Stajan wins face-off versus Brayden Schenn in Maple Leafs zone.
11:47 of 3rd period - Snap shot by Ilya Kovalchuk.
11:47 of 3rd period - Shot Misses the Net.
11:49 of 3rd period - Slapshot by Wes O'Neill.
11:49 of 3rd period - Goal by Wes O'Neill - Maple Leafs : 3 - Golden Knights : 5.
11:50 of 3rd period - Matt Stajan wins face-off versus Bo Horvat in neutral zone.
12:01 of 3rd period - Wrist shot by Matt Stajan.
12:01 of 3rd period - Stopped by John Gibson with a rebound.
12:03 of 3rd period - Wrist shot by Matt Stajan.
12:03 of 3rd period - Shot Blocked by John Klingberg.
12:05 of 3rd period - Wrist shot by Thomas Vanek.
12:05 of 3rd period - Deflect By Michael Frolik.
12:05 of 3rd period - Stopped by John Gibson without a rebound.
12:06 of 3rd period - Logan Couture wins face-off versus Nathan Horton in Maple Leafs zone.
12:13 of 3rd period - Slapshot by Kevin Shattenkirk.
12:13 of 3rd period - Shot Blocked by Michael Kostka.
12:15 of 3rd period - Slapshot by Kevin Shattenkirk.
12:15 of 3rd period - Stopped by Matt Hackett without a rebound.
12:16 of 3rd period - Andrei Loktionov wins face-off versus Logan Couture in Golden Knights zone.
12:16 of 3rd period - Andrei Loktionov is hit by Jake Guentzel.
12:45 of 3rd period - Wrist shot by Logan Couture.
12:45 of 3rd period - Stopped by Matt Hackett without a rebound.
12:46 of 3rd period - Bo Horvat wins face-off versus Matt Stajan in Golden Knights zone.
12:47 of 3rd period - Snap shot by Patrick Kane.
12:47 of 3rd period - Shot Misses the Net.
13:37 of 3rd period - Sergei Plotnikov is hit by Logan Couture and loses puck.
13:42 of 3rd period - Snap shot by Logan Couture.
13:42 of 3rd period - Shot Misses the Net.
13:44 of 3rd period - Backhand shot by Braydon Coburn.
13:44 of 3rd period - Stopped by Matt Hackett without a rebound.
13:45 of 3rd period - Matt Stajan wins face-off versus Bo Horvat in Golden Knights zone.
13:50 of 3rd period - Slapshot by Zach Bogosian.
13:50 of 3rd period - Shot Blocked by Bo Horvat.
13:55 of 3rd period - Off-side.
13:56 of 3rd period - Bo Horvat wins face-off versus Matt Stajan in neutral zone.
14:06 of 3rd period - Minor Penalty to Matt Stajan for High sticking.
14:07 of 3rd period - Brayden Schenn wins face-off versus Michael Frolik in Golden Knights zone.
14:07 of 3rd period - Snap shot by Claude Giroux.
14:07 of 3rd period - Stopped by Matt Hackett with a rebound.
14:09 of 3rd period - Wrist shot by Brayden Schenn.
14:09 of 3rd period - Stopped by Matt Hackett with a rebound.
14:29 of 3rd period - Minor Penalty to Michael Frolik for Holding Stick.
14:30 of 3rd period - Patrick Kane wins face-off versus Vladimir Zharkov in Golden Knights zone.
14:37 of 3rd period - Slapshot by Patrick Kane.
14:37 of 3rd period - Deflect By Brayden Schenn.
14:37 of 3rd period - Stopped by Matt Hackett with a rebound.
14:45 of 3rd period - Slapshot by Jared Cowen.
14:45 of 3rd period - Deflect By Vladimir Zharkov.
14:45 of 3rd period - Shot Misses the Net.
14:45 of 3rd period - Puck is out of play.
14:46 of 3rd period - Vladimir Zharkov wins face-off versus Brayden Schenn in Maple Leafs zone.
15:01 of 3rd period - Slapshot by Kevin Shattenkirk.
15:01 of 3rd period - Shot Misses the Net.
15:39 of 3rd period - Snap shot by Patrick Kane.
15:39 of 3rd period - Goal by Patrick Kane - Maple Leafs : 4 - Golden Knights : 5.
15:40 of 3rd period - Vladimir Zharkov wins face-off versus Brayden Schenn in neutral zone.
15:40 of 3rd period - Vladimir Zharkov is hit by Brayden Schenn.
15:51 of 3rd period - Slapshot by Jared Cowen.
15:51 of 3rd period - Shot Misses the Net.
15:59 of 3rd period - Sergei Plotnikov is hit by Brayden Schenn and loses puck.
16:29 of 3rd period - Penalty to Michael Frolik is over, Michael Frolik is back on ice.
16:40 of 3rd period - Wrist shot by Michael Frolik.
16:40 of 3rd period - Shot Misses the Net.
16:42 of 3rd period - Slapshot by Mathew Dumba.
16:42 of 3rd period - Shot Misses the Net.
16:44 of 3rd period - Slapshot by Mathew Dumba.
16:44 of 3rd period - Stopped by John Gibson without a rebound.
16:45 of 3rd period - Patrice Cormier wins face-off versus Brayden Schenn in Maple Leafs zone.
16:48 of 3rd period - Snap shot by Shawn Matthias.
16:48 of 3rd period - Shot Misses the Net.
16:50 of 3rd period - Slapshot by Shawn Matthias.
16:50 of 3rd period - Stopped by John Gibson with a rebound.
16:52 of 3rd period - Slapshot by Shawn Matthias.
16:52 of 3rd period - Stopped by John Gibson without a rebound.
16:53 of 3rd period - Patrice Cormier wins face-off versus Brayden Schenn in Maple Leafs zone.
17:04 of 3rd period - Snap shot by Vladimir Zharkov.
17:04 of 3rd period - Shot Misses the Net.
17:06 of 3rd period - Wrist shot by Patrice Cormier.
17:06 of 3rd period - Stopped by John Gibson with a rebound.
17:08 of 3rd period - Snap shot by Vladimir Zharkov.
17:08 of 3rd period - Stopped by John Gibson without a rebound.
17:09 of 3rd period - Bo Horvat wins face-off versus Andrei Loktionov in Maple Leafs zone.
17:23 of 3rd period - Wrist shot by Claude Giroux.
17:23 of 3rd period - Stopped by Matt Hackett without a rebound.
17:24 of 3rd period - Brayden Schenn wins face-off versus Patrice Cormier in Golden Knights zone.
17:25 of 3rd period - Wrist shot by Beau Bennett.
17:25 of 3rd period - Shot Misses the Net.
17:31 of 3rd period - Wrist shot by Shawn Matthias.
17:31 of 3rd period - Deflect By Kevin Shattenkirk.
17:31 of 3rd period - Stopped by John Gibson with a rebound.
17:39 of 3rd period - Snap shot by Shawn Matthias.
17:39 of 3rd period - Stopped by John Gibson without a rebound.
17:40 of 3rd period - Patrick Kane wins face-off versus Andrei Loktionov in Maple Leafs zone.
17:45 of 3rd period - Slapshot by Kevin Shattenkirk.
17:45 of 3rd period - Shot Blocked by Zach Bogosian.
18:09 of 3rd period - Snap shot by Beau Bennett.
18:09 of 3rd period - Shot Misses the Net.
18:11 of 3rd period - Snap shot by Andre Burakovsky.
18:11 of 3rd period - Shot Misses the Net.
18:13 of 3rd period - Snap shot by Brayden Schenn.
18:13 of 3rd period - Stopped by Matt Hackett without a rebound.
18:14 of 3rd period - Brayden Schenn wins face-off versus Patrice Cormier in Golden Knights zone.
18:21 of 3rd period - Snap shot by Beau Bennett.
18:21 of 3rd period - Shot Blocked by Shawn Matthias.
18:23 of 3rd period - Slapshot by Hampus Lindholm.
18:23 of 3rd period - Shot Blocked by Mathew Dumba.
18:25 of 3rd period - Slapshot by Hampus Lindholm.
18:25 of 3rd period - Shot Blocked by Patrice Cormier.
18:27 of 3rd period - Snap shot by Beau Bennett.
18:27 of 3rd period - Shot Misses the Net.
18:29 of 3rd period - Wrist shot by Beau Bennett.
18:29 of 3rd period - Stopped by Matt Hackett without a rebound.
18:30 of 3rd period - Andrei Loktionov wins face-off versus Bo Horvat in Golden Knights zone.
19:01 of 3rd period - Maple Leafs, John Gibson is pulled from the net.
19:04 of 3rd period - Minor Penalty to Andrei Loktionov for High sticking.
19:05 of 3rd period - Logan Couture wins face-off versus Michael Frolik in Golden Knights zone.
19:05 of 3rd period - Slapshot by Ben Smith.
19:05 of 3rd period - Stopped by Matt Hackett without a rebound.
19:06 of 3rd period - Joel Quenneville call a timeout for Maple Leafs.
19:06 of 3rd period - Michael Frolik wins face-off versus Jake Guentzel in Golden Knights zone.
19:06 of 3rd period - Michael Frolik is hit by Ben Smith.
Goals for this period are 1 for Maple Leafs vs 3 for Golden Knights.
Shots for this period are 13 for Maple Leafs vs 18 for Golden Knights.